 Dungeon Crawl Stone Soup version 0.25.0-46-gbd7b0854d2 (webtiles) character file.

Game seed: 4702783740770077979

29 H0rd4k the Insei (level 3, -1/23 HPs)
             Began as an Octopode Transmuter on July 17, 2020.
             Slain by a frilled lizard (2 damage)
             ... on level 1 of the Dungeon.
             The game lasted 00:00:49 (809 turns).

H0rd4k the Insei (Octopode Transmuter)               Turns: 809, Time: 00:00:49

Health: -1/23      AC:  1    Str:  9    XL:     3   Next: 16%
Magic:  5/6        EV: 13    Int: 16    God:
Gold:   19         SH:  0    Dex: 12    Spells: 5/6 levels left

rFire    . . .     SeeInvis .     - Unarmed
rCold    . . .     Gourm    .   (no shield)
rNeg     . . .     Faith    .   (helmet restricted)
rPois    .         Spirit   .   (no amulet)
rElec    .         Reflect  .   (no ring)
rCorr    .         Harm     .   (no ring)
MR       .....                  (no ring)
Stlth    ++........             (no ring)
HPRegen  0.07/turn              (no ring)
MPRegen  0.10/turn              (no ring)
                                (no ring)
                                (no ring)

@: appendage
A: almost no armour, stealthy swim, amphibious, 8 rings, constrict 8, tentacle
spike 3, camouflage 1, gelatinous body 1
a: End Transformation


You were on level 1 of the Dungeon.
You were not hungry.
One of your tentacles had a temporary spike.
You visited 1 branch of the dungeon, and saw 1 of its levels.

You collected 19 gold pieces.

Inventory:

Missiles
 a - 12 arrows
Scrolls
 b - a scroll of noise {unknown}
 f - a scroll of blinking {unknown}
 h - 3 scrolls of identify {unknown}
 i - a scroll of teleportation {unknown}
Potions
 e - a potion of heal wounds {unknown}
 g - a potion of lignification {unknown}
Comestibles
 c - 2 rations
 d - 4 chunks of flesh


   Skills:
 + Level 1.0 Fighting
 + Level 2.4 Dodging
 + Level 0.2 Stealth
 + Level 3.7 Unarmed Combat
 + Level 2.2 Spellcasting
 + Level 2.0 Transmutations


You had 5 spell levels left.
You knew the following spells:

 Your Spells              Type           Power        Failure   Level  Hunger
a - Beastly Appendage     Tmut           #.....       9%          1    #......

Your spell library contained the following spells:

 Spells                   Type           Power        Failure   Level  Hunger
 Sticks to Snakes         Tmut           #.......     13%         2    ###....
 Spider Form              Tmut/Pois      #.........   36%         3    ###....
 Ice Form                 Ice/Tmut       #.......     78%         4    #####..
 Blade Hands              Tmut           #.........   94%         5    ######.


Dungeon Overview and Level Annotations

Branches:
Dungeon (1/15)

Altars:


Innate Abilities, Weirdness & Mutations

You cannot wear most types of armour.
You are very stealthy in the water. (Stealth+)
You are amphibious.
You can wear up to eight rings at the same time.
You can use your tentacles to constrict eight enemies at once.
Your skin changes colour to match your surroundings (Stealth+).
Your rubbery body absorbs attacks. (AC +1, EV +1)
One of your tentacles bears a large vicious spike.


Message History

The frilled lizard is heavily wounded.
You constrict the frilled lizard.
You kill the frilled lizard!
The frilled lizard bites the plant but does no damage.
You barely miss the frilled lizard. Your grab misses the frilled lizard.
Your squeeze misses the frilled lizard. The frilled lizard bites you.
* * * LOW HITPOINT WARNING * * *
The frilled lizard bites the plant but does no damage.
Unknown command.
The frilled lizard bites the plant but does no damage.
Casting: Beastly Appendage (safe; 9% risk of failure)
Confirm with . or Enter, or press ? or * to list all spells.
One of your tentacles grows a vicious spike.
The frilled lizard barely misses you.
The frilled lizard bites the plant but does no damage. x2
You tentacle-slap the frilled lizard.
You kill the frilled lizard!
You barely miss the frilled lizard. Your grab misses the frilled lizard.
Your squeeze misses the frilled lizard. The frilled lizard bites you.
You die...

.....[........#.#.# #
###......##
..........)...#....
..........
.........(รท...# ##..
...#......##
.....(........#
#.....##..####
..............# ##.
##..
..............######.#
..
.................#...##
#.....#.....####.#....#
############# #@#P...#
#l#P.P.# #lP.P..#
#....### ######


You could see 2 frilled lizards.

Vanquished Creatures
  A dart slug (D:1)
  2 leopard geckos (D:1)
  2 giant cockroaches (D:1)
  4 hobgoblins (D:1)
  6 kobolds (D:1)
  2 bats (D:1)
  6 frilled lizards (D:1)
  2 rats (D:1)
25 creatures vanquished.

Notes
Turn   | Place    | Note
-------+----------+-------------------------------------------
     0 | D:1      | H0rd4k the Octopode Transmuter began the quest for the Orb.
     0 | D:1      | Reached XP level 1. HP: 13/13 MP: 3/3
    48 | D:1      | Reached XP level 2. HP: 5/18 MP: 3/5
   787 | D:1      | Reached XP level 3. HP: 12/23 MP: 4/6
   805 | D:1      | HP: 1/23 [frilled lizard (2)]
   809 | D:1      | Slain by a frilled lizard

Illustrated notes

Levels and vault maps discovered:
D:1:      lightli_arrival_maybe_door_vault, layout_rooms, chequers_avenue,
          minivault_24, minmay_lizard_king

Action                   || total
-------------------------++-------
Melee: Unarmed           ||    59
       Constrict         ||    22
       Tentacles         ||     6
       Kick              ||     5
       Punch             ||     2
 Cast: Beastly Appendage ||     3
 Stab: Sleeping          ||     1
Armor: Skin              ||     6
Dodge: Dodged            ||    31
